 Dungeon Crawl Stone Soup version 0.31.0-4-g52a2dc7128 (webtiles) character file.

Game seed: 15773475518379575756

128 monsoonserge the Apothecary (level 4, 0/21 HPs)
             Began as a Spriggan Alchemist on Jan 23, 2024.
             Slain by an orc
             ... wielding a +0 hand axe
              (6 damage)
             ... on level 4 of the Dungeon.
             The game lasted 00:07:00 (3012 turns).

monsoonserge the Apothecary (Spriggan Alchemist)    Turns: 3012, Time: 00:07:01

Health: 0/21       AC:  2    Str:  4    XL:     4   Next: 87%
Magic:  7/10       EV: 17    Int: 18    God:
Gold:   137        SH:  0    Dex: 15    Spells: 5/9 levels left

rFire   . . .        c - +3 dagger
rCold   . . .        (no shield)
rNeg    . . .        a - +0 robe
rPois   .            (helmet restricted)
rElec   .            p - scarf {shadows}
rCorr   .            (gloves unavailable)
SInv    +            (boots unavailable)
Will    .....        (no amulet)
Stlth   +++          (no ring)
HPRegen 0.23/turn    (no ring)
MPRegen 0.12/turn

%: no passive effects
@: very quick
A: very small, no large weapons, unfitting armour, see invisible, speed 3
a: no special abilities


You were on level 4 of the Dungeon.
You visited 1 branch of the dungeon, and saw 4 of its levels.

You collected 137 gold pieces.

Inventory:

Hand Weapons
 c - a +3 dagger (weapon)
Missiles
 d - 14 poisoned darts
 j - 2 boomerangs (quivered)
Armour
 a - a +0 robe (worn)
 p - a scarf of shadows (worn)
Scrolls
 f - a scroll of enchant weapon {unknown}
 i - a scroll of teleportation {unknown}
 k - a scroll of identify {unknown}
 q - a scroll of brand weapon {unknown}
 s - a scroll of butterflies {unknown}
Potions
 b - a potion of magic
 e - a potion of resistance {unknown}
 g - 2 potions of mutation {unknown}
 h - 2 potions of curing {unknown}
 l - 2 potions of degeneration {unknown}
 m - a potion of haste {unknown}
 n - a potion of enlightenment {unknown}
 o - a potion of heal wounds {unknown}
 r - a potion of lignification {unknown}


   Skills:
 + Level 1.0 Short Blades
 + Level 3.0 Dodging
 + Level 4.2 Stealth
 * Level 3.4 Spellcasting
 - Level 1.0 Conjurations
 * Level 1.0 Air Magic
 * Level 4.7 Alchemy


You had 5 spell levels left.
You knew the following spells:

 Your Spells              Type           Power      Damage    Failure   Level
a - Sting                 Conj/Alch      52%        1d6       4%          1
b - Mephitic Cloud        Conj/Alch/Air  11%        N/A       19%         3

Your spell library contained the following spells:

 Spells                   Type           Power      Damage    Failure   Level
 Mercury Vapours          Alch/Air       26%        N/A       8%          2
 Olgreb's Toxic Radiance  Alch           20%        N/A       22%         4
 Sticky Flame             Fire/Alch      11%        2d5       52%         4


Dungeon Overview and Level Annotations

Branches:
Dungeon (4/15)
 Temple: D:4-7

Altars:
Fedhas
Zin

Annotations:
D:2 1 runed translucent door, Crazy Yiuf, Natasha


Innate Abilities, Weirdness & Mutations

You are very small and have problems with some larger weapons.
You are too small for most types of armour.
You have supernaturally acute eyesight. (SInv)
You cover ground extremely quickly. (Speed+++)


Message History

Press: ? - help, Shift-Dir - straight line, f/p - gnoll
Aim: a gnoll, wielding a +0 club (75% to hit)
The sting hits the gnoll but does no damage.
The gnoll is poisoned.
Unknown command.
Found a bubbling white potion.
An orc wizard, an orc and a gnoll come into view.
The orc wizard is wielding a +0 dagger of protection.
The gnoll is wielding a +2 spear of venom.
The orc wizard shouts!
The orc shouts!
The gnoll shouts!
A ball python comes into view.
An endoplasm comes into view.
Your magical contamination has completely faded away.
A hobgoblin comes into view.
A gnoll comes into view. It is wielding a +2 flail of draining.
The gnoll moves out of view.
The ball python hisses angrily.
Found a scroll labelled VAAKHO BELU.
Found a golden potion.
The endoplasm quivers.
You see here a golden potion.
l - 2 golden potions (gained 1)
There are no items here.
You see here a scroll labelled VAAKHO BELU.
s - a scroll labelled VAAKHO BELU An orc comes into view.
It is wielding a +0 hand axe.
The gnoll shouts!
You hear a shout!
The orc shouts!
The hobgoblin shouts!
The orc wizard mumbles some strange words.
The orc wizard flickers and vanishes for a moment.
The gnoll hits you from afar with a +0 halberd!
Ouch! That really hurt!
* * * LOW HITPOINT WARNING * * *
The orc misses you.
Casting: Sting (safe; 4% risk of failure)
Confirm with . or Enter, or press ? or * to list all spells.
Okay, then.
The gnoll misses you. The orc hits you with a +0 hand axe.
You die...

..... #.#. #.# # #.#.#
#g#.## # ##### ... .
#.#.≈.### #.#.# #g
##..≈≈≈..## #.#.#
#.##.§..≈o.≈.### .#..#
#...§§§.o@≈≈≈S.## #.#
#.≈..§g.≈.g≈..≈.# #.#
##≈≈§...§≈≈§§J≈≈≈# #.#
##..≈§o≈..≈.§§..≈.## #.#
#....§≈≈≈§.§§≈§....#
#.####...≈§.≈.§§§§≈..≈..#
#...g..#≈≈§..§§§≈...≈§≈.#
######.#.≈..≈..≈§.§..≈..#
#.##..≈≈≈...≈≈≈....#


You could see an orc wizard (invisible), a gnoll, 2 orcs, an endoplasm, a
hobgoblin and a ball python.

Vanquished Creatures
  A gnoll bouda (D:4)
  Natasha (D:2)
  2 adders
  A dart slug (D:3)
  3 ribbon worms (D:2)
  4 orcs (D:3)
  5 endoplasms
  A giant cockroach (D:1)
  6 goblins
  2 hobgoblins
  4 jackals (D:1)
  4 kobolds
  2 quokkas
  7 ball pythons
  A bat (D:1)
  2 rats (D:2)
46 creatures vanquished.

Notes
Turn   | Place    | Note
-------+----------+-------------------------------------------
     0 | D:1      | monsoonserge the Spriggan Alchemist began the quest for the
                  | Orb.
     0 | D:1      | Reached XP level 1. HP: 9/9 MP: 5/5
   159 | D:1      | Found a faded altar of an unknown god.
   175 | D:1      | Reached XP level 2. HP: 13/13 MP: 2/6
  1091 | D:2      | Reached XP level 3. HP: 9/16 MP: 4/8
  1154 | D:2      | Noticed Natasha
  1160 | D:2      | Killed Natasha
  1165 | D:2      | Learned a level 3 spell: Mephitic Cloud
  1621 | D:2      | Found a runed translucent door.
  1621 | D:2      | Noticed Natasha
  1622 | D:2      | Noticed Crazy Yiuf
  1949 | D:2      | Reached XP level 4. HP: 21/21 MP: 9/9
  2344 | D:3      | Found a blossoming altar of Fedhas.
  2352 | D:3      | Found a glowing silver altar of Zin.
  2959 | D:4      | Reached skill level 1 in Short Blades
  2959 | D:4      | Reached skill level 1 in Conjurations
  2959 | D:4      | Reached skill level 1 in Air Magic
  3012 | D:4      | Slain by an orc

Illustrated notes

Levels and vault maps discovered:
D:1:      nzn_arrival_water_spiral, layout_loops_corners,
          hellmonk_ecumenical_altar_run_dry, st_stairs_9,
          minmay_misc_feat_columns, minmay_misc_feat_diagonals,
          minmay_misc_feat_secret_circle
D:2:      layout_loops_corners, uniq_natasha, uniq_crazy_yiuf_cottage
D:3:      layout_loops_ring, minitemple, minmay_distorted
D:4:      layout_loops_ring, gammafunk_temple_overflow_statue,
          gup_sewer_entry_bowl, serial_shops, shop, kennysheep_doodads

Skill      XL: |  1  2  3  4 |
---------------+-------------+-----
Alchemy        | 4 |  4.7
Spellcasting   | 3 |  3.4
Stealth        | 4 |  4.2
Short Blades   | 1 |  1.0
Dodging        | 3 |  3.0
Conjurations   | 1 |  1.0
Air Magic      | 1 |  1.0

Action                     |  1- 3 |  4- 6 || total
---------------------------+-------+-------++-------
  Melee: Dagger            |    29 |    25 ||    54
  Throw: Boomerang         |       |     1 ||     1
   Cast: Sting             |    43 |    10 ||    53
   Stab: Sleeping          |     7 |     3 ||    10
         Distracted        |     1 |       ||     1
 Armour: Robe              |    15 |     7 ||    22
  Dodge: Dodged            |    30 |    20 ||    50
